cohdb
Replays
Latest Replays
All Replays
Popular Replays
Top Player Replays
Match Explorer
How It Works
Community
CoH3 Stats
Reddit
Sign in to upload your games and track your stats! →
Sign in with Steam
Match 25544986
Unlisted
Match 25544986
Overview
Messages
Build Orders
End
Panzergrenadier Squad
250 Light Carrier
Panzergrenadier Squad
Construct Light Support Kompanie
Combat Half-tracks
Assault Grenadier Squad
Fire Support Elements
Flakvierling Half-track
Selects Armored Support Battlegroup
Selects Veteran Gunners
2.5-tonne Medical Truck
Veteran Squad Leaders
Construct Mechanized Kompanie
Support Armor Elements
StuG III D Assault Gun
Selects Salvage Kits
Selects Panzer Storm
Marder III Tank Destroyer
Vehicle Survival Package
Selects Flammpanzer III Medium Tank Sd.Kfz. 141
Flammpanzer III Medium Tank
Jamoro
Carecup
subzero_86
Eber
TheLolkPlays
Eliasga89
0
0
Comments
sign in to comment!
No comments posted yet!